 Dungeon Crawl Stone Soup version 0.29-a0-323-g050149af67 (webtiles) character file.

Game seed: 153582599788450490

177 zishaf the Digger (level 5, -4/35 HPs)
             Began as an Octopode Earth Elementalist on Apr 11, 2022.
             Slain by an orc
             ... wielding a +0 war axe
              (11 damage)
             ... on level 3 of the Dungeon.
             The game lasted 00:03:38 (2328 turns).

zishaf the Digger (Octopode Earth Elementalist)     Turns: 2328, Time: 00:03:38

Health: -4/35      AC:  1    Str:  7    XL:     5   Next: 57%
Magic:  1/8        EV: 13    Int: 19    God:
Gold:   103        SH:  0    Dex: 13    Spells: 4/8 levels left

rFire   . . .      SeeInvis .   j - +1 short sword (flame)
rCold   . . .      Faith    .   (no shield)
rNeg    . . .      Spirit   .   (helmet restricted)
rPois   .          Reflect  .   (no amulet)
rElec   .          Harm     .   (no ring)
rCorr   .          Rampage  .   (no ring)
Will    .....                   (no ring)
Stlth   +++.......              (no ring)
HPRegen 0.11/turn               (no ring)
MPRegen 0.11/turn               (no ring)
                                (no ring)
                                (no ring)

@: no status effects
A: almost no armour, amphibious, 8 rings, camouflage 1, gelatinous body 1,
(nimble swimmer 1), tentacles
a: no special abilities


You were on level 3 of the Dungeon.
You visited 1 branch of the dungeon, and saw 3 of its levels.

You collected 103 gold pieces.

Inventory:

Hand Weapons
 j - a +1 short sword of flaming (weapon)
Missiles
 a - 79 stones
Jewellery
 d - a ring of ice
Wands
 l - a wand of polymorph (7)
Scrolls
 c - a scroll of teleportation {unknown}
 e - 2 scrolls of identify {unknown}
 g - 2 scrolls of amnesia {unknown}
 i - a scroll of fog {unknown}
Potions
 b - 3 potions of magic
 f - 2 potions of berserk rage {unknown}
 h - a potion of curing
 k - a potion of cancellation {unknown}
 m - a potion of lignification {unknown}


   Skills:
 + Level 2.6 Fighting
 - Level 2.0 Dodging
 - Level 3.0 Stealth
 - Level 2.0 Spellcasting
 * Level 2.2 Conjurations
 - Level 1.0 Transmutations
 * Level 4.5 Earth Magic


You had 4 spell levels left.
You knew the following spells:

 Your Spells              Type           Power      Damage    Failure   Level
a - Sandblast             Erth           38%        2d10      2%          1
b - Stone Arrow           Conj/Erth      28%        3d8       13%         3

Your spell library contained the following spells:

 Spells                   Type           Power      Damage    Failure   Level
 Magic Dart               Conj           40%        1d5       7%          1
 Passwall                 Tmut/Erth      10%        N/A       9%          2
 Portal Projectile        Hex/Tloc       2%         N/A       45%         3
 Petrify                  Tmut/Erth      12%        N/A       47%         4
 Airstrike                Air            0%         N/A       86%         4
 Iskenderun's Battlesphe  Conj           10%        2d6       88%         5
 Blade Hands              Tmut           2%         N/A       97%         5
 Excruciating Wounds      Necr           0%         N/A       99%         5
 Iron Shot                Conj/Erth      7%         9d2       100%        6
 Lehudib's Crystal Spear  Conj/Erth      7%         10d3      100%        8
 Animate Armour           Summ/Erth      Unusable   N/A       N/A         4

Dungeon Overview and Level Annotations

Branches:
Dungeon (3/15)

Altars:


Innate Abilities, Weirdness & Mutations

You cannot wear most types of armour.
You are amphibious.
You can wear up to eight rings at the same time.
Your skin changes colour to match your surroundings (Stealth+).
Your rubbery body absorbs attacks. (AC +1, EV +1)
((You are camouflaged when in or above water. (Stealth+)))
You have tentacles for arms and can constrict up to eight enemies at once.


Message History

Press: ? - help, Shift-Dir - straight line, f - orc wizard
Aim: an orc wizard, wielding a +0 dagger and wearing a +0 robe (74% to hit)
The blast of sand hits the orc wizard.
The orc wizard is lightly wounded.
The orc wizard casts a spell at you. The puff of flame misses you.
Casting: Sandblast (safe; 2% risk of failure)
Confirm with . or Enter, or press ? or * to list all spells.
Aiming: Sandblast (safe; 2% risk of failure)
Press: ? - help, Shift-Dir - straight line, f/p - orc wizard
Aim: an orc wizard, wielding a +0 dagger and wearing a +0 robe (lightly wounded, 74% to hit)
The blast of sand hits the orc wizard.
The orc wizard is moderately wounded.
The orc wizard gestures at you while chanting.
The magic dart hits you!
* * * LOW HITPOINT WARNING * * *
Casting: Sandblast (safe; 2% risk of failure)
Confirm with . or Enter, or press ? or * to list all spells.
Aiming: Sandblast (safe; 2% risk of failure)
Press: ? - help, Shift-Dir - straight line, f/p - orc wizard
Aim: an orc wizard, wielding a +0 dagger and wearing a +0 robe (moderately wounded, 74% to hit)
The blast of sand hits the orc wizard!
The orc wizard is severely wounded.
The orc wizard hits you with a +0 dagger.
* * * LOW HITPOINT WARNING * * *
You hit the orc wizard. You burn the orc wizard.
Your grab misses the orc wizard. You squeeze the orc wizard.
You kill the orc wizard!
You completely miss the hobgoblin. Your grab misses the hobgoblin.
You squeeze the hobgoblin, but do no damage.
The hobgoblin hits you.
* * * LOW HITPOINT WARNING * * *
You hit the hobgoblin. You burn the hobgoblin.
You kill the hobgoblin!
You hit the goblin. You burn the goblin.
You kill the goblin!
You hit the orc but do no damage. You grab the orc.
You constrict the orc, but do no damage.
The orc hits you with a +0 war axe!
You die...

#.# .#
####......# #.# #
.# ######## #.#
#. .# ### #.#
#.####.# #.. #.#
##......# # #..
#.# .#.......#.#
#.. #.#
...........# #..
#.# #.....o######
#.. #.#
#####.#@....#
#### #.#
...#.....# # #...
##.##
.....#.....##.#
#.## #..<#
#...$.+........#
#.# #####
#....##.....####
#.# #....
#.....#########.#
#....
######....).....#
#.########## #.#


You could see an orc.

Vanquished Creatures
  An orc priest (D:3)
  Terence (D:3)
  2 orc wizards (D:3)
  An adder (D:2)
  A worm (D:2)
  2 dart slugs
  3 orcs (D:3)
  2 bats (D:1)
  5 endoplasms
  A giant cockroach (D:3)
  2 goblins
  6 hobgoblins
  6 jackals (D:2)
  2 quokkas (D:1)
  6 ball pythons
  5 kobolds
  4 rats
50 creatures vanquished.

Notes
Turn   | Place    | Note
-------+----------+-------------------------------------------
     0 | D:1      | zishaf the Octopode Earth Elementalist began the quest for
                  | the Orb.
     0 | D:1      | Reached XP level 1. HP: 11/11 MP: 3/3
   100 | D:1      | Got the Tome of Flying Confrontation
   206 | D:1      | Reached XP level 2. HP: 17/18 MP: 5/5
   395 | D:1      | Reached skill level 1 in Fighting
   805 | D:2      | Reached XP level 3. HP: 23/23 MP: 4/6
  1003 | D:2      | Learned a level 3 spell: Stone Arrow
  1526 | D:3      | Found a faded altar of an unknown god.
  1637 | D:3      | Reached XP level 4. HP: 29/29 MP: 7/7
  1791 | D:3      | Reached skill level 1 in Conjurations
  1791 | D:3      | Reached skill level 4 in Earth Magic
  1804 | D:3      | Reached XP level 5. HP: 12/35 MP: 5/8
  2108 | D:3      | Noticed Terence
  2118 | D:3      | Killed Terence
  2328 | D:3      | Slain by an orc

Illustrated notes

Levels and vault maps discovered:
D:1:      lemuel_arrival_river_ford, layout_loops_ring
D:2:      layout_rooms, st_stairs_8, minmay_pentomino_z4
D:3:      layout_basic, nicolae_ecumenical_oubliette, uniq_terence

Skill      XL: |  1  2  3  4  5 |
---------------+----------------+-----
Stealth        | 3 |  3.0
Fighting       | 1 2 |  2.6
Conjurations   | 1 2 |  2.2
Earth Magic    | 4 |  4.5
Dodging        | |  2.0
Spellcasting   | |  2.0
Transmutations | |  1.0

Action                   |  1- 3 |  4- 6 || total
-------------------------+-------+-------++-------
Melee: Dagger            |    32 |       ||    32
       Tentacles         |     7 |     8 ||    15
       Constrict         |    12 |     5 ||    17
       Short sword       |    18 |    26 ||    44
       Punch             |       |     1 ||     1
 Cast: Sandblast         |    13 |    11 ||    24
 Stab: Sleeping          |    10 |     1 ||    11
Armor: Skin              |     2 |       ||     2
Dodge: Dodged            |    27 |    15 ||    42

Table legend: (Time is in decaauts)
 A = Elapsed time spent in this place.
 B = Non-inter-level travel time spent in this place.
 C = Inter-level travel time spent in this place.
 D = Time resting spent in this place.
 E = Time spent auto-exploring this place.
 F = Levels seen in this place.
 G = Mean time per level.
                   A        B        C        D        E       F      G
               +--------+--------+--------+--------+--------+-----+--------+
         Total |   2331 |   2283 |     48 |    441 |   1507 |   3 |  777.0 |
       Dungeon |   2331 |   2283 |     48 |    441 |   1507 |   3 |  777.0 |
               +--------+--------+--------+--------+--------+-----+--------+

Top non-repeatable levels by time:
     D:1: 801 daAuts
     D:3: 788 daAuts
     D:2: 742 daAuts
